 Dungeon Crawl Stone Soup version 0.28.0 (webtiles) character file.

Game seed: 8899791265132585346

819 multipassport the Skirmisher (level 7, -1/78 HPs)
             Began as an Ogre Berserker on Feb 9, 2022.
             Was a Believer of Trog.
             Succumbed to a water moccasin's poison
             ... on level 5 of the Dungeon.
             The game lasted 00:07:29 (5288 turns).

multipassport the Skirmisher (Ogre Berserker)       Turns: 5288, Time: 00:07:29

Health: -1/78      AC:  4    Str: 22    XL:     7   Next: 95%
Magic:  7/7        EV: 11    Int:  8    God:    Trog [**....]
Gold:   218        SH:  0    Dex: 10    Spells: 6/6 levels left

rFire   . . .      SeeInvis .   a - +0 hand axe
rCold   . . .      Faith    .   (no shield)
rNeg    . . .      Spirit   .   g - +1 robe {Archmagi}
rPois   .          Reflect  .   (helmet restricted)
rElec   .          Harm     .   (no cloak)
rCorr   .          Rampage  .   (gloves unavailable)
Will    ++...      Archmagi +   (boots unavailable)
Stlth   +.........              (no amulet)
HPRegen 1.23/turn               (no ring)
MPRegen 0.10/turn               (no ring)

@: lethally poisoned (-1 -> -13), strong-willed, regenerating
A: large, unfitting armour, tough skin 1
a: Renounce Religion, Berserk, Trog's Hand


You were on level 5 of the Dungeon.
You worshipped Trog.
Trog was pleased with you.
You visited 1 branch of the dungeon, and saw 5 of its levels.

You collected 218 gold pieces.

Inventory:

Hand Weapons
 a - a +0 hand axe (weapon)
Armour
 g - a +1 robe of the Archmagi (worn)
Wands
 j - a wand of acid (12)
Scrolls
 d - 2 scrolls of identify {unknown}
 e - 2 scrolls of teleportation {unknown}
 f - 3 scrolls of fear {unknown}
 h - a scroll of silence {unknown}
 i - a scroll of vulnerability {unknown}
 k - 2 scrolls of blinking {unknown}
 m - a scroll of amnesia {unknown}
 n - a scroll of enchant weapon {unknown}
Potions
 b - a potion of attraction {unknown}
 c - 3 potions of heal wounds {unknown}
 l - a potion of haste {unknown}
 o - a potion of might {unknown}


   Skills:
 + Level 7.6 Fighting
 + Level 5.8 Axes
 + Level 5.2 Dodging


You had 6 spell levels left.
You didn't know any spells.
Your spell library was empty.

Dungeon Overview and Level Annotations

Branches:
Dungeon (5/15)
 Temple: D:4-7

Altars:

Shops:
D:1 (


Innate Abilities, Weirdness & Mutations

You are too large for most types of armour.
You have tough skin. (AC +1)


Message History

The water moccasin is moderately wounded.
You feel sick. The water moccasin bites you.
You are more poisoned.
The water moccasin poisons you! The water moccasin bites you.
You closely miss the water moccasin. You punch the water moccasin.
The water moccasin is heavily wounded.
You feel very sick. The water moccasin bites you!
You are more poisoned.
The water moccasin poisons you!
You are too injured to fight recklessly!
You are too injured to fight recklessly!
You are too injured to fight recklessly!
You are too injured to fight recklessly!
Your skin crawls.
You feel strong-willed.
You feel very sick. The water moccasin barely misses you.
The water moccasin bites you but does no damage.
You miss the water moccasin.
The water moccasin is heavily wounded.
You feel very sick. The water moccasin bites you.
* * * LOW HITPOINT WARNING * * *
You slash the water moccasin!
The water moccasin is almost dead.
You feel very sick.
The water moccasin bites you but does no damage.
The water moccasin bites you!
* * * LOW HITPOINT WARNING * * *
You are lethally poisoned!
The water moccasin poisons you!
You miss the water moccasin.
The water moccasin is almost dead.
* * * LOW HITPOINT WARNING * * *
You feel extremely sick. The water moccasin barely misses you.
You completely miss the water moccasin.
The water moccasin is almost dead.
You die...

.............#.#
...............##
#......#.#......##
....#............# .#
#......#.#.#.##..##.#
........)..#.##..##.#
.##.#.##.###.##..##.#
.##.#.#.......#.S##.#
.##.#.#####.#.#.@##.# ....#.#
#.#.#..##.#
.####+#####.#.#.....# ..
|.........#.#..#.##.######....
.###......#.##.#.##...........
.# #......#.##.#.##.##.#######
.# ##....##.#....#..##.# ##
#....##.#....#..##.#
#....##......#..##.#


You could see a water moccasin.

Vanquished Creatures
  Prince Ribbit (D:5)
  An orc warrior (D:4)
  A necrophage (D:4)
  6 hounds
  2 iguanas
  An orc wizard (D:4)
  A killer bee zombie (D:5)
  6 adders
  An ufetubus (D:4)
  2 worms
  5 dart slugs
  7 orcs
  3 ball pythons
  6 endoplasms
  6 giant cockroaches
  8 goblins
  4 hobgoblins
  2 jackals (D:3)
  A quokka (D:2)
  11 bats
  4 frilled lizards
  4 kobolds
  8 rats
91 creatures vanquished.

Notes
Turn   | Place    | Note
-------+----------+-------------------------------------------
     0 | D:1      | multipassport the Ogre Berserker began the quest for the
                  | Orb.
     0 | D:1      | Reached XP level 1. HP: 24/24 MP: 1/1
   346 | D:1      | Reached XP level 2. HP: 13/32 MP: 2/2
   881 | D:1      | Reached XP level 3. HP: 36/40 MP: 3/3
   996 | D:1      | Found a faded altar of an unknown god.
  1043 | D:1      | Found Uczoot's Antique Weapon Boutique.
  1159 | D:1      | Reached ** piety under Trog
  1851 | D:2      | Reached skill level 5 in Fighting
  1851 | D:2      | Reached XP level 4. HP: 6/50 MP: 4/4
  2642 | D:3      | Reached XP level 5. HP: 11/57 MP: 5/5
  3880 | D:4      | Reached XP level 6. HP: 54/67 MP: 6/6
  4057 | D:4      | Reached skill level 6 in Fighting
  4114 | D:4      | Noticed a necrophage
  4122 | D:4      | Killed a necrophage
  4158 | D:4      | Noticed an orc warrior
  4173 | D:4      | Killed an orc warrior
  4174 | D:4      | Reached skill level 5 in Axes
  4174 | D:4      | Reached XP level 7. HP: 14/76 MP: 7/7
  4670 | D:5      | Entered Level 5 of the Dungeon
  4829 | D:5      | Reached skill level 7 in Fighting
  5055 | D:5      | Noticed Prince Ribbit
  5068 | D:5      | Killed Prince Ribbit
  5069 | D:5      | Reached skill level 5 in Dodging
  5288 | D:5      | Succumbed to a water moccasin's poison

Illustrated notes

Levels and vault maps discovered:
D:1:      minmay_arrival_widening_spiral_narrow, layout_basic, serial_shops,
          nicolae_shop_competitors_out_of_business,
          shapermc_ecumenical_altar_petra, minmay_worlds_worst_comb
D:2:      layout_basic, minivault_25, st_stairs_14
D:3:      layout_rooms
D:4:      layout_cave_pools
D:5:      layout_basic, uniq_prince_ribbit1, uniq_sigmund

Skill      XL: |  1  2  3  4  5  6  7 |
---------------+----------------------+-----
Dodging        | 3 4 5 |  5.2
Fighting       | 5 6 7 |  7.6
Axes           | 4 5 |  5.8

Action                   |  1- 3 |  4- 6 |  7- 9 || total
-------------------------+-------+-------+-------++-------
Melee: Hand axe          |   139 |   165 |    63 ||   367
       Punch             |     1 |     2 |     2 ||     5
Invok: Berserk           |       |     4 |     2 ||     6
       Trog's Hand       |       |     1 |     1 ||     2
Armor: Animal skin       |    68 |       |       ||    68
       Robe              |       |    54 |    14 ||    68
Dodge: Dodged            |    87 |    77 |    31 ||   195
